 Dungeon Crawl Stone Soup version 0.30-a0-365-ge7f957f1db (webtiles) character file.

Game seed: 4352068119338057698

3005 hikkokomori the Blocker (level 9, -4/74 HPs)
             Began as a Gnoll Fighter on Nov 17, 2022.
             Was an Initiate of Cheibriados.
             Slain by an orc
             ... wielding a +2 war axe of flaming
              (6 damage)
             ... on level 8 of the Dungeon.
             The game lasted 00:14:59 (8581 turns).

hikkokomori the Blocker (Gnoll Fighter)             Turns: 8581, Time: 00:14:59

Health: -4/74      AC: 16    Str: 16    XL:     9   Next: 84%
Magic:  16/16      EV:  8    Int: 13    God:    Cheibriados [......]
Gold:   334        SH:  6    Dex: 13    Spells: 15/17 levels left

rFire   + . .      SeeInvis .    L - +2 trident (vamp)
rCold   . . .      Faith    .    c - +0 buckler
rNeg    . . .      Spirit   .    J - +1 chain mail {rF+}
rPois   .          Reflect  .    y - +1 hat
rElec   .          Harm     .    (no cloak)
rCorr   .          Rampage  .    s - +1 pair of gloves
Will    .....                    l - +0 pair of boots
Stlth   ..........               K - amulet of magic regeneration
HPRegen 0.32/turn                o - ring of flight
MPRegen 0.55/turn                (no ring)

@: flying, very slow
A: fangs 1, strong nose, distributed training
a: Renounce Religion


You were on level 8 of the Dungeon.
You worshipped Cheibriados.
Cheibriados was noncommittal.
You visited 2 branches of the dungeon, and saw 9 of its levels.
You also visited: Sewer.

You collected 334 gold pieces.

Inventory:

Hand Weapons
 a - a +0 trident
 j - a +0 short sword of flaming
 L - a +2 vampiric trident (weapon)
Armour
 c - a +0 buckler (worn)
 l - a +0 pair of boots (worn)
 m - a +0 plate armour
 s - a +1 pair of gloves (worn)
 y - a +1 hat (worn)
 I - a +0 troll leather armour {Pargi}
 J - a +1 chain mail of fire resistance (worn)
Jewellery
 o - a ring of flight (left hand)
 K - an amulet of magic regeneration (around neck)
Wands
 t - a wand of flame (20)
 x - a wand of polymorph (7)
Scrolls
 n - a scroll of enchant weapon {unknown}
 r - a scroll of magic mapping {unknown}
 u - a scroll of teleportation
 v - a scroll of poison {unknown}
 w - 3 scrolls of vulnerability
 A - a scroll of noise {unknown}
 B - a scroll of amnesia {unknown}
 D - 2 scrolls of enchant armour
 E - a scroll of fog {unknown}
 F - a scroll of brand weapon {unknown}
 G - a scroll of summoning {unknown}
 H - a scroll of fear {unknown}
Potions
 b - 3 potions of heal wounds
 d - 2 potions of might
 e - a potion of ambrosia {unknown}
 f - 3 potions of haste
 g - 3 potions of curing
 h - 2 potions of flight
 k - 5 potions of attraction
 p - 2 potions of cancellation {unknown}
 q - 2 potions of brilliance {unknown}
 z - a potion of resistance {unknown}
 C - a potion of lignification {unknown}


   Skills:
 + Level 8.2 Fighting
 + Level 4.8 Short Blades
 + Level 4.8 Long Blades
 + Level 4.8 Axes
 + Level 4.8 Maces & Flails
 + Level 6.7 Polearms
 + Level 4.8 Staves
 + Level 4.8 Ranged Weapons
 + Level 4.8 Throwing
 + Level 8.2 Armour
 + Level 4.8 Dodging
 + Level 4.8 Stealth
 + Level 8.2 Shields
 + Level 4.8 Unarmed Combat
 + Level 4.8 Spellcasting
 + Level 4.0 Conjurations
 + Level 4.0 Hexes
 + Level 4.0 Summonings
 + Level 4.0 Necromancy
 + Level 4.0 Translocations
 + Level 4.0 Transmutations
 + Level 4.0 Fire Magic
 + Level 4.0 Ice Magic
 + Level 4.0 Air Magic
 + Level 4.0 Earth Magic
 + Level 4.0 Poison Magic
 + Level 5.3 Invocations
 + Level 4.8 Evocations


You had 15 spell levels left.
You knew the following spells:

 Your Spells              Type           Power      Damage    Failure   Level
a - Blink                 Tloc           26%        N/A       63%         2

Your spell library contained the following spells:

 Spells                   Type           Power      Damage    Failure   Level
 Freeze                   Ice            52%        1d6       50%         1
 Momentum Strike          Conj/Tloc      26%        3d8       63%         2
 Scorch                   Fire           26%        2d6       63%         2
 Frozen Ramparts          Ice            26%        1d4       86%         3
 Hailstorm                Conj/Ice       13%        3d5       86%         3
 Ignite Poison            Fire/Tmut/Pois 13%        N/A       86%         3
 Kindle Blastsparks       Fire/Tloc/Air  26%        2d12      86%         3
 Lesser Beckoning         Tloc           26%        N/A       86%         3
 Flame Wave               Conj/Fire      13%        2d6       99%         4
 Freezing Cloud           Conj/Ice/Air   6%         6-21      100%        5
 Summon Cactus Giant      Summ           6%         N/A       100%        6


Dungeon Overview and Level Annotations

Branches:
Dungeon (8/15)             Temple (1/1) D:7           Sewer (visited)
   Lair: D:8-11

Altars:
Ashenzari
Cheibriados
Elyvilon
Fedhas
Gozag
Kikubaaqudgha
Makhleb
Nemelex Xobeh
Qazlal
Ru
Sif Muna
Trog
Vehumet
Wu Jian
Xom
Yredelemnul
The Shining One

Shops:
D:3 *   D:4 (*   D:5 [


Innate Abilities, Weirdness & Mutations

You have very sharp teeth.
Your uncanny sense of smell can sniff out nearby items.
Your experience applies equally to all skills.


Message History

You hit the orc wizard.
You feel better.
You kill the orc wizard!
Cheibriados appreciates the change of pace.
The orc barely misses you.
The orc priest looks satisfied for a moment.
You hit the two-headed ogre but do no damage.
You bite the two-headed ogre, but do no damage.
You block the orc's attack. The orc closely misses you.
The two-headed ogre hits you with a +0 giant spiked club!
The two-headed ogre hits you with a +0 giant spiked club.
You puncture the two-headed ogre!
You feel better.
You bite the two-headed ogre, but do no damage.
The two-headed ogre is moderately wounded.
The orc hits you with a +2 war axe of flaming!
The orc burns you. The orc hits you but does no damage.
The orc priest closely misses you.
You puncture the two-headed ogre!
You bite the two-headed ogre, but do no damage.
The two-headed ogre is moderately wounded.
The two-headed ogre hits you with a +0 giant spiked club!
The two-headed ogre hits you with a +0 giant spiked club!!
* * * LOW HITPOINT WARNING * * *
The orc hits you but does no damage. The orc hits you with a +0 short sword.
* * * LOW HITPOINT WARNING * * *
The orc priest casts a cantrip, but nothing happens.
Unknown command.
Okay, then.
The orc hits you but does no damage.
Okay, then.
Okay, then.
The orc attacks as you move away! The orc completely misses you.
The orc priest calls down the wrath of Beogh upon you.
Beogh smites you!
* * * LOW HITPOINT WARNING * * *
Unknown command.
As you read the scroll labelled QEMAUHO SAOS, it crumbles to dust.
The creatures around you are filled with an inner flame!
It was a scroll of immolation.
The orc barely misses you.
The orc hits you with a +2 war axe of flaming.
You die...

.#..<.......
...........#
...........##
#..........####
#..............
#.....o)..<#
#.......)..#
#....oo....#
##...@O...##
##...<..##
..?.#...###
..........∆
#.#..#.#.## #
##.#.#.. #
..##. ... .#
#.. ..


You could see a two-headed ogre (inner flame), an orc priest (inner flame) and 2
orcs.

Vanquished Creatures
  A troll (D:5)
  Menkaure (D:7)
  A water moccasin (D:5)
  An orc warrior (D:6)
  Pargi (Sewer)
  2 black bears
  3 ogres
  2 sky beasts
  A centaur (D:7)
  2 phantoms (D:5)
  A kobold brigand (D:6)
  3 bullfrogs
  3 scorpions
  A necrophage (D:4)
  A gnoll sergeant (D:6)
  3 howler monkeys
  5 hounds
  3 orc priests
  2 jellies
  2 gnoll boudas
  Jessica (D:2)
  3 orc wizards
  2 iguanas (D:5)
  14 gnolls
  10 adders
  A river rat (D:6)
  A white imp (D:7)
  2 ufetubi (D:6)
  3 worms
  6 dart slugs
  20 orcs
  7 endoplasms
  4 giant cockroaches
  6 hobgoblins
  8 jackals
  A quokka (D:4)
  7 ball pythons
  8 bats
  7 frilled lizards
  A goblin (D:2)
  10 kobolds
  7 rats
  A butterfly (D:5)
169 creatures vanquished.

Notes
Turn   | Place    | Note
-------+----------+-------------------------------------------
     0 | D:1      | hikkokomori the Gnoll Fighter began the quest for the Orb.
     0 | D:1      | Reached XP level 1. HP: 23/23 MP: 1/1
   168 | D:1      | Reached XP level 2. HP: 27/29 MP: 2/2
   369 | D:1      | Reached XP level 3. HP: 35/35 MP: 3/3
   414 | D:1      | Learned a level 2 spell: Blink
   480 | D:1      | Found a faded altar of an unknown god.
   712 | D:2      | Reached skill level 1 in Invocations
   897 | D:2      | Noticed Jessica
   909 | D:2      | Killed Jessica
   910 | D:2      | Reached skill level 1 in Short Blades
   910 | D:2      | Reached skill level 1 in Long Blades
   910 | D:2      | Reached skill level 1 in Axes
   910 | D:2      | Reached skill level 1 in Maces & Flails
   910 | D:2      | Reached skill level 1 in Staves
   910 | D:2      | Reached skill level 1 in Ranged Weapons
   910 | D:2      | Reached skill level 1 in Throwing
   910 | D:2      | Reached skill level 1 in Dodging
   910 | D:2      | Reached skill level 1 in Stealth
   910 | D:2      | Reached skill level 1 in Unarmed Combat
   910 | D:2      | Reached skill level 1 in Spellcasting
   910 | D:2      | Reached skill level 1 in Evocations
   910 | D:2      | Reached XP level 4. HP: 21/41 MP: 5/5
  1137 | D:2      | Reached skill level 1 in Conjurations
  1137 | D:2      | Reached skill level 1 in Hexes
  1137 | D:2      | Reached skill level 1 in Summonings
  1137 | D:2      | Reached skill level 1 in Necromancy
  1137 | D:2      | Reached skill level 1 in Translocations
  1137 | D:2      | Reached skill level 1 in Transmutations
  1137 | D:2      | Reached skill level 1 in Fire Magic
  1137 | D:2      | Reached skill level 1 in Ice Magic
  1137 | D:2      | Reached skill level 1 in Air Magic
  1137 | D:2      | Reached skill level 1 in Earth Magic
  1137 | D:2      | Reached skill level 1 in Poison Magic
  1600 | D:3      | Found a broken altar of Ashenzari.
  1601 | D:3      | Found Zyrryas's General Store.
  2150 | D:3      | Identified the +0 pair of gloves of Seiluuf {Fly rPois
                  | Str-5}
  2502 | D:4      | Reached XP level 5. HP: 47/47 MP: 7/7
  2605 | D:4      | Found Nolun's Antique Weapon Boutique.
  2753 | D:4      | Reached skill level 5 in Polearms
  2753 | D:4      | Reached XP level 6. HP: 53/53 MP: 8/8
  2906 | D:4      | Found Punoni's General Store.
  3043 | D:4      | Reached XP level 7. HP: 36/60 MP: 10/10
  3406 | D:5      | Entered Level 5 of the Dungeon
  3460 | D:5      | Found an ancient bone altar of Kikubaaqudgha.
  3989 | D:5      | Found Mudoelori's Armour Boutique.
  4159 | D:5      | Found a shimmering altar of Xom.
  4206 | D:5      | Reached XP level 8. HP: 56/67 MP: 12/12
  4572 | D:5      | Noticed a troll
  4589 | D:5      | Killed a troll
  5692 | D:6      | Reached XP level 9. HP: 45/73 MP: 14/14
  5706 | D:6      | Found a glowing drain.
  5717 | Sewer    | Entered a sewer
  5921 | Sewer    | Noticed Pargi
  5937 | Sewer    | Killed Pargi
  7684 | D:6      | Reached skill level 5 in Invocations
  7782 | D:6      | Found a glowing golden altar of the Shining One.
  7959 | D:7      | Found a staircase to the Ecumenical Temple.
  8006 | Temple   | Entered the Ecumenical Temple
  8205 | Temple   | Became a worshipper of Cheibriados the Contemplative
  8330 | D:7      | Noticed Menkaure
  8341 | D:7      | Killed Menkaure
  8570 | D:8      | Noticed a two-headed ogre
  8580 | D:8      | HP: 1/74 [orc priest/divine providence (10)]
  8581 | D:8      | Slain by an orc

Illustrated notes

Levels and vault maps discovered:
D:1:      roderic_dead_forest, layout_loops_cross,
          ebering_ecumenical_altar_hall, minmay_misc_feat_alley
D:2:      layout_basic, uniq_jessica
D:3:      layout_loops_cross, nicolae_ashenzari_skybound, serial_shops,
          nicolae_shop_waterfront, serial_rivers, chequers_serial_rivers_room_a,
          chequers_serial_rivers_micro_c, chequers_serial_rivers_micro_a,
          chequers_serial_rivers_micro_b, chequers_serial_rivers_micro_d,
          chequers_serial_rivers_small_a, grunt_decor_fettered
D:4:      layout_loops_ring, serial_shops, nicolae_diamond_shop,
          nicolae_diamond_shop
D:5:      cheibrodos_barr_body, layout_basic,
          mainiacjoe_overflow_small_starburst, xom_butterflies, serial_shops,
          nicolae_shop_crystal
D:6:      nicolae_BIG_FREAKIN_CUBE, layout_loops_ring, lemuel_tele_altar,
          portal_sewer_entry_b, lightli_minifort
D:7:      layout_basic, temple_pool_b, uniq_menkaure
D:8:      layout_rooms, amcnicky_altar_gilded, nicolae_uskayaw_dance_studio,
          chequers_temple_overflow_statue_of_worship, minmay_splitting_lines
Temple:   hellmonk_temple_forest_ring

Skill      XL: |  1  2  3  4  5  6  7  8  9 |
---------------+----------------------------+-----
Invocations    | 1 2 3 4 5 |  5.3
Short Blades   | 1 2 3 4 |  4.8
Long Blades    | 1 2 3 4 |  4.8
Axes           | 1 2 3 4 |  4.8
Maces & Flails | 1 2 3 4 |  4.8
Staves         | 1 2 3 4 |  4.8
Ranged Weapons | 1 2 3 4 |  4.8
Throwing       | 1 2 3 4 |  4.8
Dodging        | 1 2 3 4 |  4.8
Stealth        | 1 2 3 4 |  4.8
Unarmed Combat | 1 2 3 4 |  4.8
Spellcasting   | 1 2 3 4 |  4.8
Evocations     | 1 2 3 4 |  4.8
Conjurations   | 1 2 3 4 |  4.0
Hexes          | 1 2 3 4 |  4.0
Summonings     | 1 2 3 4 |  4.0
Necromancy     | 1 2 3 4 |  4.0
Translocations | 1 2 3 4 |  4.0
Transmutations | 1 2 3 4 |  4.0
Fire Magic     | 1 2 3 4 |  4.0
Ice Magic      | 1 2 3 4 |  4.0
Air Magic      | 1 2 3 4 |  4.0
Earth Magic    | 1 2 3 4 |  4.0
Poison Magic   | 1 2 3 4 |  4.0
Polearms       | 5 6 |  6.7
Fighting       | 7 8 |  8.2
Armour         | 7 8 |  8.2
Shields        | 7 8 |  8.2

Action                   |  1- 3 |  4- 6 |  7- 9 || total
-------------------------+-------+-------+-------++-------
Melee: Trident           |    82 |   223 |   561 ||   866
       Bite              |     5 |    20 |    45 ||    70
Evoke: Wand              |       |       |     3 ||     3
  Use: Scroll            |       |     5 |     4 ||     9
       Potion            |       |       |     4 ||     4
Armor: Scale mail        |    20 |       |       ||    20
       Plate armour      |     7 |   127 |   253 ||   387
       Chain mail        |       |       |   103 ||   103
Dodge: Dodged            |    18 |    43 |   136 ||   197
Block: Buckler           |     9 |    51 |   159 ||   219

Table legend: (Time is in decaauts)
 A = Elapsed time spent in this place.
 B = Non-inter-level travel time spent in this place.
 C = Inter-level travel time spent in this place.
 D = Time resting spent in this place.
 E = Time spent auto-exploring this place.
 F = Levels seen in this place.
 G = Mean time per level.
                   A        B        C        D        E       F      G
               +--------+--------+--------+--------+--------+-----+--------+
         Total |   8679 |   8298 |    381 |   1035 |   5560 |  10 |  867.9 |
       Dungeon |   8013 |   7708 |    305 |    924 |   5196 |   8 | 1001.6 |
        Temple |    223 |    147 |     76 |      0 |    135 |   1 |  223.0 |
         Sewer |    442 |    442 |      0 |    111 |    229 |   1 |  442.0 |
               +--------+--------+--------+--------+--------+-----+--------+

Top non-repeatable levels by time:
     D:5: 1843 daAuts
     D:6: 1641 daAuts
     D:7: 1075 daAuts
     D:4: 932 daAuts
     D:2: 902 daAuts
     D:3: 893 daAuts
     D:1: 710 daAuts
   Sewer: 442 daAuts
  Temple: 223 daAuts
     D:8: 15 daAuts
